[Event "Bangabandhu Premier Div League 2022"]
[Site "Dhaka"]
[Date "2022.11.30"]
[Round "1.9"]
[White "Masum, Hossain"]
[Black "Anata, Choudhury"]
[Result "1-0"]
[ECO "A30"]
[WhiteElo "2103"]
[BlackElo "2176"]
[Annotator "TA"]
[PlyCount "179"]
[EventDate "2022.11.30"]
[EventType "team-tourn"]
[EventCountry "BAN"]
[SourceTitle "playchess.com"]
[Source "ChessBase"]
[SourceQuality "1"]
[TimeControl "40/5400+30:1800+30"]

1. Nf3 c5 2. b3 Nc6 3. Bb2 Nf6 4. c4 e6 5. g3 Be7 6. Bg2 {[%emt 0:00:01] A30: Symmetrical English: Double Fianchetto and Hedgehog.} O-O 7. O-O Qc7 8. Nc3 {[%emt 0:05:04] White is slightly better.} b6 9. e4 {Inhibits d5.} Bb7 {[%emt 0:23:54] [#]} 10. d4 $146 ({Predecessor:} 10. Re1 d6 11. d4 cxd4 12. Nb5 Qd7 13. Nfxd4 a6 14. Nxc6 Qxc6 15. Nd4 Qc5 16. Qe2 {½-½ (32) Wilke,D (2001)-Reichel,H (1553) Oldenburg 1995}) 10... cxd4 11. Nb5 Qb8 12. Nfxd4 Rd8 (12... a6 $5 ) 13. Qe2 a6 14. Nxc6 dxc6 15. Nc3 (15. Nd4 $5 ) 15... e5 16. f4 Bc5+ 17. Kh1 {[%emt 0:00:01] With the idea fxe5.} Bd4 18. f5 ({White should try} 18. fxe5 $11 Qxe5 19. Rf5) 18... Qd6 19. g4 h6 20. Rad1 Qe7 21. Rd3 $1 Nd7 22. Rdd1 (22. Bc1 $11) 22... Nf6 (22... b5 $15) 23. Rd3 $1 $11 Nd7 24. Bc1 b5 {[%emt 0:16:27] Against h4} 25. Rg3 f6 {[%emt 0:00:00] [#] Prevents g5.} 26. h4 $1 bxc4 $2 {[%emt 0:00:00] [#]} (26... Kf8 $16) 27. g5 $1 $18 (27. Qxc4+ Qf7 $14) 27... hxg5 28. hxg5 fxg5 29. Bxg5 (29. bxc4 Nf6 $11) 29... Nf6 (29... Qf7 $142 30. Bxd8 (30. bxc4 Rf8 $18) (30. Qxc4 Qxc4 31. bxc4 Rf8 $14) 30... Rxd8 31. bxc4 (31. Qxc4 Nf6 $16) 31... Nf6) 30. Bh6 (30. bxc4 Kf7 $11) 30... Rd7 (30... Rd6 {was called for.} 31. Qxc4+ (31. bxc4 Nxe4 32. Nxe4 Rxh6+ 33. Rh3 Rxh3+ 34. Bxh3 Qh4 $17) (31. Bxg7 Qxg7 32. Qxc4+ Kh8 $18) 31... Kf8) 31. Qxc4+ (31. bxc4 $2 {perishes.} Bxc3 32. Rff3 Bd4 $19) (31. Rxg7+ Qxg7 32. Bxg7 Kxg7 $17) 31... Kh7 32. Rxg7+ ({Weaker is} 32. Bxg7 Nh5 33. Rh3 Kxg7 $16) 32... Qxg7 33. Bxg7 {[%emt 0:00:00] Really sharp!} Kxg7 34. Rf3 {[%emt 0:00:00] Black must now prevent Rg3+.} Rh8+ 35. Bh3 {[%emt 0:00:00] Hoping for Rg3+.} c5 $2 (35... Rh6 {was worth a try.} 36. Rg3+ Kh7) 36. Rg3+ Kf8 {[%emt 0:00:09] And now ...Nh5 would win.} 37. Qe6 Nxe4 (37... Rh6 $142 38. Rg6 Rxg6 39. fxg6 Kg7) 38. Nxe4 Bxe4+ 39. Kh2 {[%emt 0:00:00] Intending Qf6+ and mate.} Bb7 40. Qxd7 Bf2 41. Qc8+ $4 Kf7 $4 (41... Bxc8 $19 42. Rf3 Bd4) 42. Qd7+ Kf8 43. Qc8+ $4 Kf7 $4 (43... Bxc8 $19 44. Rf3 Bd4) 44. Qe6+ Kf8 45. Qc8+ $4 Kf7 $4 (45... Bxc8 $19 46. Rg4 Bxf5) 46. Qd7+ Kf8 47. Qc8+ $4 Kf7 $4 (47... Bxc8 $19 48. Rf3 Bd4) 48. Qe6+ Kf8 49. Qc8+ $4 Kf7 $4 (49... Bxc8 $19 50. Rf3 Bd4) 50. Qd7+ Kf8 51. Qc8+ $4 Kf7 $4 (51... Bxc8 $19 52. Rg4 Bxf5) 52. Qe6+ Kf8 53. Qc8+ $4 Kf7 $4 (53... Bxc8 $19 54. Rf3 Bd4) 54. Qd7+ Kf8 55. Qc8+ $4 Kf7 $4 (55... Bxc8 $19 56. Rg4 Bxf5) 56. Qe6+ Kf8 57. Qc8+ $4 Kf7 $4 (57... Bxc8 $19 58. Rg4 Bxf5) 58. Qd7+ Kf8 59. Qc8+ $4 Kf7 $4 (59... Bxc8 $19 60. Rg4 Bxf5) 60. Qe6+ Kf8 61. Qc8+ $4 Kf7 $4 (61... Bxc8 $19 62. Rg4 Bxf5) 62. Qd7+ Kf8 63. Qc8+ $4 Kf7 $4 (63... Bxc8 $19 64. Rg4 Bxf5) 64. Qe6+ Kf8 65. Qc8+ $4 Kf7 $4 (65... Bxc8 $19 66. Rf3 Bd4) 66. Qd7+ Kf8 67. Qc8+ $4 Kf7 $4 (67... Bxc8 $19 68. Rg4 Bxf5) 68. Qe6+ Kf8 69. Qc8+ $4 Kf7 $4 (69... Bxc8 $19 70. Rg4 Bxf5) 70. Qd7+ Kf8 71. Qc8+ $4 Kf7 $4 (71... Bxc8 $19 72. Rg2 Be3) 72. Qe6+ Kf8 73. Qc8+ $4 Kf7 $4 (73... Bxc8 $19 74. Rf3 Bd4) 74. Qd7+ Kf8 75. Qc8+ $4 Kf7 $4 (75... Bxc8 $19 76. Rg4 Bxf5) 76. Qe6+ Kf8 77. Qc8+ $4 Kf7 $4 (77... Bxc8 $19 78. Rg4 Bxf5) 78. Qd7+ Kf8 79. Qc8+ $4 Kf7 $4 (79... Bxc8 $19 80. Rd3 Bd4) 80. Qe6+ Kf8 81. Qc8+ $4 Kf7 $4 (81... Bxc8 $19 82. Rg4 Bxf5) 82. Qd7+ Kf8 83. Qc8+ $4 Kf7 $4 (83... Bxc8 $19 84. Rf3 Bd4) 84. Qe6+ Kf8 85. Qc8+ $4 Kf7 $4 (85... Bxc8 $19 86. Rd3 Bd4) 86. Qd7+ Kf8 87. Qc8+ $4 Kf7 $4 (87... Bxc8 $19 88. Rf3 Bd4) 88. Qe6+ Kf8 89. Qc8+ $4 Kf7 $4 (89... Bxc8 $19 90. Rg4 Bxf5) 90. Qd7+ $2 {[%emt 0:00:00][%mdl 32768] Weighted Error Value: White=0.77/Black=0.95. Loss on time!?} (90. Qxb7+ {mates} Ke8 91. Rg7 Bg3+ 92. Kxg3 Rxh3+ 93. Kxh3 Kf8 94. Qf7#) 1-0

[Event "Bangabandhu Premier Div League 2022"]
[Site "Dhaka"]
[Date "2022.11.30"]
[Round "1.10"]
[White "Koustav Chatterjee"]
[Black "Aaryan Varshney"]
[Result "1/2-1/2"]
[ECO "C97"]
[WhiteElo "2496"]
[BlackElo "2312"]
[Annotator "TA"]
[PlyCount "196"]
[EventDate "2022.11.30"]
[EventType "team-tourn"]
[EventCountry "BAN"]
[SourceTitle "playchess.com"]
[Source "ChessBase"]
[SourceQuality "1"]
[TimeControl "40/5400+30:1800+30"]

1. e4 e5 2. Nf3 Nc6 3. Bb5 a6 4. Ba4 Nf6 5. O-O Be7 6. Re1 b5 7. Bb3 O-O 8. c3 d6 9. h3 Na5 10. Bc2 c5 11. d4 Qc7 12. d5 Bd7 13. b3 {[%emt 0:00:08] C97: Closed Ruy Lopez: Chigorin Defence: 11 d4 Qc7, sidelines.} Nb7 14. c4 Na5 15. Bd3 {[%emt 0:15:38] White is slightly better.} Rfb8 16. Nc3 bxc4 17. bxc4 Rb4 {[%emt 0:00:16] [#]} 18. Ba3 $146 ({Predecessor:} 18. Qc2 Rab8 19. Ne2 Ba4 20. Qc3 Nh5 21. Bd2 Bd8 22. Qc1 Rb2 23. g4 Nf6 24. Ng3 {1-0 (65) Diaz Almaguer,B (2249)-Hernandez Izquierdo,A ICCF email 2016}) 18... Rb7 19. Rc1 Rbb8 20. Ne2 Nb7 21. Rc3 Qa5 22. Bc2 Nh5 23. Qd3 g6 24. g4 Ng7 25. Ng3 Nd8 26. Bc1 f6 27. Kh2 Nf7 28. Ra3 Qc7 29. Bd2 Ng5 30. Nxg5 fxg5 31. Ba4 Bxa4 32. Rxa4 Rb2 33. Rb1 Qb7 34. Rxb2 Qxb2 35. Ne2 h6 36. Nc1 Qb7 37. Ra3 Rb8 38. Qb3 Qc8 39. Qa4 Rb2 40. Nb3 Rc2 (40... Qf8 $16 {is a better defense.} 41. Kg2 Ne8) 41. Be3 $18 {[%emt 0:31:49][%cal Ob3c5] Threatens to win with Nxc5!} Rc3 42. Na5 (42. Qc6 $1 $18 Qxc6 43. dxc6) 42... Rxa3 $16 43. Qxa3 Ne8 44. Nc6 Bf8 (44... Kf7 $16) 45. Qb3 $18 Nf6 46. f3 Nd7 (46... Qc7 $142 47. Qb8 Qxb8 48. Nxb8 Kf7) 47. h4 $1 gxh4 {[%emt 0:00:00] [#]} 48. Bxh6 Nf6 49. Kh3 Qe8 (49... Qc7 {was worth a try.}) 50. Bg5 Nh7 51. Bxh4 Qf7 52. Bg3 {[%emt 0:00:00] Inhibits Qf4.} (52. Qe3 $18) 52... Ng5+ $14 53. Kg2 $1 {[%emt 0:00:00] Hoping for Qe3.} Qh7 {[%emt 0:00:00] And now ...Qh3+ would win.} 54. Qb1 {[%emt 0:00:00] Active counter play!} Qf7 55. Qd1 $36 {[%emt 0:00:00][%mdl 2048] White is on the roll.} Qh7 {[%emt 0:00:00] Against Bh4} 56. Na5 (56. Qg1 $16) 56... Qh3+ 57. Kf2 Bh6 {[%emt 0:00:24] [#]} (57... Be7 $14) 58. Qg1 $1 $16 ({Much worse is} 58. Nc6 $6 Nf7 $11) 58... Nf7 {[%emt 0:02:42] [#]} 59. Qh2 $1 Qxh2+ 60. Bxh2 {[%emt 0:00:01][%mdl 4096] Endgame KBN-KBN} Kf8 61. Nc6 Ke8 62. Ke2 Kd7 63. Bg3 Bg5 64. Kd3 Kc7 65. Be1 Kb7 66. Ba5 Kc8 67. Kc2 Kb7 68. Kb3 Kc8 69. Ka3 Kb7 70. Kb3 Kc8 $1 71. Bc3 Kc7 72. Kc2 Kb7 73. Kd3 Kc7 74. Be1 Kb7 75. Bg3 Kc7 $1 76. Ke2 ({White should play} 76. Na5 $16) 76... Kb7 (76... Kd7 $1 $11) 77. Na5+ Kb6 78. Nb3 Kc7 79. Bf2 Kb6 80. Kd3 Be7 81. Be3 g5 (81... Bg5 $142 82. Bf2 Bf4) 82. Nd2 Bf8 (82... Kc7 $16 83. Nf1 Nh8) 83. Nf1 $18 Bg7 84. Ng3 Kb7 85. Nf5 Bf8 86. Bd2 Kb6 87. Ke2 Kc7 88. Ba5+ Kb7 89. Kd3 Kc8 90. Kc3 Kb7 91. Kb3 Ka7 92. Ne3 Kb7 93. Nd1 Be7 94. Nb2 Bf8 (94... Nh8 $16 95. Kc2 Ng6) 95. Na4 Be7 96. Ka3 Bf6 97. Kb3 Be7 $1 98. Ka3 Bf6 {[%emt 0:00:29] Weighted Error Value: White=0.12 (very precise) /Black=0.16 (very precise)} 1/2-1/2

[Event "Bangabandhu Premier Div League 2022"]
[Site "Dhaka"]
[Date "2022.11.30"]
[Round "1.11"]
[White "Kushagra Mohan"]
[Black "Rahman, Syed Mahfuzur"]
[Result "1-0"]
[ECO "B33"]
[WhiteElo "2390"]
[BlackElo "2130"]
[Annotator "TA"]
[PlyCount "91"]
[EventDate "2022.11.30"]
[EventType "team-tourn"]
[EventCountry "BAN"]
[SourceTitle "playchess.com"]
[Source "ChessBase"]
[SourceQuality "1"]
[TimeControl "40/5400+30:1800+30"]

1. e4 c5 2. Nf3 Nc6 3. d4 cxd4 4. Nxd4 Nf6 5. Nc3 e5 6. Ndb5 d6 7. Bg5 a6 8. Na3 b5 9. Nd5 Be7 10. Bxf6 Bxf6 11. c3 Bg5 12. Nc2 Rb8 13. a4 bxa4 {[%emt 0:00:39] B33: Sicilian: Pelikan and Sveshnikov Variations.} 14. Ncb4 (14. Nce3 $5 ) 14... Nxb4 15. cxb4 (15. Nxb4 $5 Bd7 16. Bxa6 $11 (16. Qxd6 Be7 $15)) 15... Bd7 {[%emt 0:00:50] The position is equal.} 16. Bxa6 O-O 17. O-O Bc6 18. Rxa4 Bxa4 19. Qxa4 f5 20. b5 Kh8 (20... fxe4 {seems wilder.} 21. Qxe4 Qd7 22. b6 Kh8) 21. exf5 (21. b6 {simplifies} Rxb6 22. Nxb6 Qxb6 23. exf5 d5 24. b4) 21... Rxf5 (21... Qd7 $11 {is superior.}) 22. b6 $14 {[#]} g6 $146 ({Predecessor:} 22... Bh4 23. b7 e4 24. Qxe4 Re5 25. Qc4 Qa5 26. Nb4 Bxf2+ 27. Kxf2 Qb6+ 28. Kg3 Qe3+ {0-1 (39) Pahl,E (2203)-Parvanyan,A (2151) Magdeburg 2022}) 23. Qc6 {[%emt 0:20:52][%mdl 1024] White has strong compensation. White is more active.} Qe8 24. Qc3 (24. Qxe8+ {simplifies} Rxe8 25. Rd1 Rb8 26. b4) 24... Rf7 ({Black should try} 24... Qa4 $11 25. Qc7 Rff8) 25. g3 ({Better is} 25. b4 $14) 25... Qa4 $11 26. Bc4 Rfb7 (26... Rff8 $11) 27. b3 $14 Qc6 28. f4 Bh6 (28... Bd8 $2 29. fxe5 Bxb6+ 30. Kg2 $18) 29. f5 $1 ({Much weaker is} 29. fxe5 Bg7 $15) 29... Rxb6 30. Qd3 Qc5+ 31. Kg2 Qd4 32. Qxd4 exd4 33. Nxb6 Rxb6 {[%emt 0:00:03][%mdl 4096] Endgame KRB-KRB} 34. f6 {[%emt 0:04:49] Against d5} Rb8 (34... d5 $14 35. Bxd5 Rd6) 35. h4 (35. Rd1 $16) 35... Be3 {[%emt 0:01:08] A mistake that costs the game.} (35... d5 $1 $14 36. Bxd5 Rd8) 36. Kf3 $18 Re8 37. g4 g5 $2 {[%emt 0:00:47] [#]} (37... Bd2 38. f7 Rf8) 38. h5 h6 $2 (38... d5) 39. f7 Rb8 40. Ke4 Kg7 {[%emt 0:00:08] Prevents f8R.} 41. Rf5 Rc8 42. Bd5 Rb8 (42... Bd2 $142 43. Kxd4 Rb8) 43. b4 {[%emt 0:00:31][%cal Bb3b4,Bb4b5][%mdl 32] [#] Black must now prevent b5!} Bg1 {[%emt 0:00:31] Prevents b5.} 44. Kd3 {[%emt 0:01:44] Strongly threatening Rf1.} Rd8 45. b5 Kf8 46. Rf6 {[%emt 0:00:05] Weighted Error Value: White=0.18 (very precise) /Black=0.59} (46. b6 $142 Bh2 47. Rf6 Rd7 48. Rxh6 (48. Kxd4 $2 {too greedy.} Be5+ 49. Kc4 Bxf6 $19) 48... Be5 49. Rg6 Rxf7 50. Bxf7 Kxf7 51. Rxg5) 1-0

[Event "Bangabandhu Premier Div League 2022"]
[Site "Dhaka"]
[Date "2022.11.30"]
[Round "1.12"]
[White "Mohammad Nubairshah Shaikh"]
[Black "Jabed Al Azad"]
[Result "1-0"]
[ECO "D02"]
[WhiteElo "2439"]
[BlackElo "2084"]
[Annotator "TA"]
[PlyCount "75"]
[EventDate "2022.11.30"]
[EventType "team-tourn"]
[EventCountry "BAN"]
[SourceTitle "playchess.com"]
[Source "ChessBase"]
[SourceQuality "1"]
[TimeControl "40/5400+30:1800+30"]

1. Nf3 d5 2. g3 Nd7 3. d4 Ngf6 4. Bg2 Nb6 5. a4 a5 6. O-O {[%emt 0:00:04] D02: 1 d4 d5 2 Nf3 sidelines, including 2...Nf6 3 g3 and 2...Nf6 3 Bf4.} Bf5 7. Nh4 e6 8. Nxf5 {[%emt 0:02:49] White is slightly better.} exf5 {[%emt 0:00:03] [#]} 9. Qd3 $146 ({Predecessor:} 9. Bg5 Be7 10. Bxf6 Bxf6 11. e3 h5 12. Nd2 h4 13. c4 c6 14. Qb3 dxc4 15. Nxc4 Nxc4 16. Qxc4 {0-1 (64) Rakhmanov,A (2640)-Alekseenko,K (2702) Chess.com INT 2022}) 9... Qd7 10. b3 g6 11. Nd2 c6 12. f3 h5 13. e4 f4 14. e5 Ng8 15. gxf4 h4 16. f5 ({White should play} 16. h3 $16) 16... h3 $14 17. Bh1 $36 {[%emt 0:05:33][%mdl 2048] Black is under pressure.} Ne7 {[%emt 0:04:43] [#]} (17... Qxf5 $14 18. Qxf5 gxf5) 18. f6 $1 $18 Nf5 19. c3 Rh4 20. f4 Bh6 {[%emt 0:06:06] [#]} 21. Nf3 $1 Rg4+ 22. Kf2 {[%emt 0:00:02][%cal Oe5e6] Black must now prevent e6!} Bxf4 23. Bxf4 {[%emt 0:00:13] Really sharp!} Rxf4 24. Qd2 g5 {[%emt 0:01:02][%mdl 8192] Loses the game.} (24... Re4 $16 {is more resistant.}) 25. Rg1 O-O-O 26. Rxg5 Re4 27. Re1 {[%emt 0:09:22] Prevents Ne3.} Rh8 (27... Nh6 {was necessary.} 28. Rxe4 dxe4) 28. Rxe4 {[%emt 0:01:56] Active counter play!} dxe4 29. Qf4 exf3 30. Qxf5 Nd5 31. Qxd7+ Kxd7 {[%emt 0:00:02][%mdl 4096] Endgame KRB-KRN} 32. c4 Nf4 33. Bxf3 c5 34. d5 Re8 35. Be4 Rh8 36. Kf3 Ng2 37. Rg7 Ke8 38. e6 {[%emt 0:00:00] Weighted Error Value: White=0.14 (very precise) /Black=0.85} 1-0

[Event "Bangabandhu Premier Div League 2022"]
[Site "Dhaka"]
[Date "2022.11.30"]
[Round "1.13"]
[White "Murshed, Niaz"]
[Black "Md, Mesbah Uddin"]
[Result "1-0"]
[ECO "D07"]
[WhiteElo "2419"]
[BlackElo "1778"]
[Annotator "TA"]
[PlyCount "111"]
[EventDate "2022.11.30"]
[EventType "team-tourn"]
[EventCountry "BAN"]
[SourceTitle "playchess.com"]
[Source "ChessBase"]
[SourceQuality "1"]
[TimeControl "40/5400+30:1800+30"]

1. Nf3 Nc6 2. d4 d5 3. c4 Nf6 4. cxd5 Qxd5 5. Nc3 Qh5 6. e4 {[%emt 0:05:35][%cal Be2e4,Be4e5][%mdl 32] Black must now prevent Nb5. D07: Queen's Gambit: Chigorin Defence.} Bg4 (6... e5 $16) 7. Be2 (7. Qb3 $1 $18 {[%cal Rb3b7] has better winning chances.} Nd8 8. Ne5) 7... e6 {[%emt 0:11:23] [#]} (7... O-O-O $142) 8. e5 $146 {White is clearly better.} ({Predecessor:} 8. Qa4 Bb4 9. O-O Bxc3 10. bxc3 Nxe4 11. Qc2 Nf6 12. h3 Bf5 13. Qb2 Rb8 14. Ne5 Bg4 15. hxg4 Qh4 16. Nxc6 {1-0 (16) Kerr,B (1903)-Zorkovic,A (1525) Adelaide 2009}) 8... Nd5 9. Nxd5 exd5 10. O-O Qf5 (10... Qg6 $16 {was worth a try.}) 11. h3 $18 Bxf3 12. Bxf3 Qd7 13. Be3 Ne7 14. Bg4 Qc6 (14... Nf5 $16 {was necessary.} 15. Bg5 c6) 15. a4 a5 (15... Qg6 {was called for.} 16. h4 h5) 16. Rc1 Qb6 17. f4 g6 (17... h5 {might work better.}) 18. f5 h5 19. f6 $2 ({White has to play} 19. fxg6 $1 $18 hxg4 20. gxf7+ (20. Rxf7 $2 {loses.} Qxg6 21. Rf2 gxh3 $19) 20... Kd8 21. Qxg4) 19... Nc6 $14 20. Bf3 O-O-O {[%emt 0:00:30] Strongly threatening ...Nxe5.} 21. Qd2 Qb4 22. Qxb4 Nxb4 23. Be2 {[%emt 0:01:36] White has more active pieces. The black rooks are badly placed.} Bh6 24. Bxh6 Rxh6 25. Kf2 Rhh8 (25... Rg8 $16) 26. Kg1 (26. g4 $1 $18) 26... Rh6 $1 $16 27. Kf2 Rhh8 $1 {[#]} 28. g4 $1 hxg4 29. Bxg4+ Kb8 30. Ke3 {[%emt 0:00:00] Against Nd3} c6 31. Rfd1 Kc7 {[%emt 0:00:00] [#]} (31... g5 $16) 32. Kf4 $1 $18 Na6 $2 (32... g5+ 33. Kxg5 Rdg8+ 34. Kf4 b6) 33. Kg5 Rhg8 34. Kf4 (34. e6 $142) 34... Rh8 $1 35. Kg5 $2 (35. Re1) 35... Rhg8 $1 36. Re1 Rh8 37. Red1 Rhg8 $1 38. Re1 $2 {[%emt 0:00:00] Inhibits c5.} (38. e6 $18) 38... Nb4 $2 (38... Rh8 $11 39. e6 fxe6 40. Rxe6 Rdf8 41. Re7+ Kb6) 39. e6 fxe6 40. Rxe6 Nd3 41. Re7+ Kb6 42. Rc3 Nb4 43. f7 Rgf8 44. Kxg6 Ka7 45. Kg7 Kb6 46. Kg6 Ka7 $1 47. Kg7 (47. h4 $18 Kb8 48. h5) 47... Kb8 $2 (47... Kb6 $11 48. h4 Rh8) 48. Kg6 Ka7 $1 49. Kg7 (49. h4 $18 Kb6 50. h5) 49... Kb8 $2 (49... Kb6 $11 50. h4 Ka6) 50. Rd7 {[%emt 0:00:00] White threatens Rxd8+ and mate.} Ka7 51. Re7 $2 (51. Rxd8 $18 Rxd8 52. f8=Q Rxf8 53. Kxf8) 51... Kb8 $2 (51... Kb6 $11 52. h4 Na6) 52. Rd7 $2 (52. h4 $18 Na6 53. Rd7) 52... Rc8 $2 (52... Ka7 $11 53. Rxd8 Rxd8) 53. Re7 Rcd8 54. Rd7 $2 ({Better is} 54. h4 $18 Na6 55. Rd7) 54... Rc8 $2 {[%emt 0:00:00][%mdl 8192] [#]} (54... Ka7 $11 55. Rxd8 Rxd8) 55. Rxb7+ $3 Kxb7 56. Bxc8+ {[%emt 0:00:00] Weighted Error Value: White=1.54/Black=0.39} 1-0

[Event "Bangabandhu Premier Div League 2022"]
[Site "Dhaka"]
[Date "2022.11.30"]
[Round "1.14"]
[White "Habibur Rahman, Sohel"]
[Black "Ahmed, Shafiq"]
[Result "0-1"]
[ECO "C00"]
[WhiteElo "1871"]
[BlackElo "2092"]
[Annotator "TA"]
[PlyCount "174"]
[EventDate "2022.11.30"]
[EventType "team-tourn"]
[EventCountry "BAN"]
[SourceTitle "playchess.com"]
[Source "ChessBase"]
[SourceQuality "1"]
[TimeControl "40/5400+30:1800+30"]

1. e4 e6 2. Bc4 d5 3. exd5 exd5 4. Bd3 Nf6 5. Bc4 Ng8 6. Bb3 Nf6 {[%emt 0:03:52] C00: French: Unusual White 2nd moves.} (6... a5 $5 7. Nc3 (7. Qe2+ Be7 $15) 7... Nf6 $11) 7. d3 (7. Bc4 $5) 7... Bd6 8. h3 O-O {[%emt 0:00:13] Black is slightly better.} 9. Ne2 Nbd7 10. Ng1 (10. O-O $15) 10... Nb8 (10... a5 $19 {Hoping for ...a4.} 11. a3 a4) 11. Ne2 $1 $15 Nbd7 (11... a5 $15 12. c3 Bf5) 12. Ng1 $17 Nb8 (12... Nc5 $17 13. Ne2 Re8) 13. Ne2 $1 $15 {[#]} Nbd7 $146 (13... Re8 $15 {should be considered.}) ({Predecessor:} 13... Re8 14. O-O Bf5 15. Bg5 c6 16. Nbc3 Nbd7 17. a3 Qc7 18. Qd2 h6 19. Bf4 Re7 20. Bxd6 Qxd6 21. Nd4 Bg6 22. Rae1 Rae8 23. Nf3 Rxe1 24. Rxe1 Rxe1+ 25. Qxe1 Nc5 {1-0 (31) Habibur,R (1933)-Reasat,E (1849) Dhaka 2017}) 14. a3 (14. Ng1 $11) 14... Nc5 $17 15. Ba2 c6 16. O-O (16. Nd2 $1 $15) 16... Ne6 (16... Nh5 $17 17. Nd2 Qf6) 17. Nd2 (17. Ng3 $15) 17... Nc5 18. Nb1 Ne6 19. Nd2 $1 Bc7 (19... Ng5 $1 $17 {[%cal Og5h3] aiming for ...Nxh3+!} 20. Nd4 Qb6) 20. Nb1 $2 (20. Re1 $11 {and White has nothing to worry.}) 20... Bd6 (20... Qd6 21. f4 $17) (20... Re8 $19 21. Nd2 Ng5) 21. Nd2 $1 Bc7 (21... Ng5 $1 $17 ) 22. Nb1 $19 Bd6 (22... Qd6 23. f4 $17) (22... Re8 $19 23. Nbc3 Qd6) 23. Nd2 $1 $17 Bc7 24. Nb1 Bd6 (24... Re8 $142 25. Nd2 Ng5) 25. Nd2 $1 Bc7 (25... Ng5 $1 $17) 26. Nb1 $19 Bd6 (26... Qd6 27. f4 $17) (26... Re8 $19 27. Ng3 Nd4) 27. Nd2 $1 $17 {[%emt 0:00:00] [#]} Bc7 (27... Ng5 $142 $1 ) 28. Nb1 Bd6 (28... Nh5 $142 {White must now prevent ...Qd6.} 29. c4 dxc4 30. Bxc4 b5) 29. Nd2 $1 Bc7 (29... Ng5 $142) 30. Nb1 Bd6 (30... Re8 $142 {Threatens to win with ...Qd6.} 31. Nd2 Ng5) 31. Nd2 $1 Bc7 ({Black should try} 31... Ng5 $17) 32. Nf3 Nh5 33. Be3 Qf6 34. c3 (34. c4 $11) 34... g5 ({Better is} 34... Nef4 $17 {[%cal Of4h3] ...Nxh3+! is the strong threat.} 35. Nxf4 Nxf4 36. Bxf4 Bxf4) 35. c4 dxc4 (35... Nhf4 $5 ) 36. dxc4 Rd8 37. Qc2 Rf8 (37... Nef4 $11 {keeps the balance.} 38. Nxf4 Nxf4) 38. Qd1 (38. Bb1 Qg7 $14) (38. Rae1 $16) 38... Rd8 (38... Nhf4 {simplifies} 39. Bxf4 Nxf4 40. Nxf4 Bxf4 41. Qd4 Qxd4 42. Nxd4 g4) 39. Qc2 Nef4 40. Qd1 $2 Ne6 $2 (40... Rxd1 $19 41. Nxf4 Rxa1 42. Nxh5 Rxf1+ 43. Kxf1 Qxb2) 41. Qc2 $11 Nef4 $2 (41... Nhf4 $11 42. Bb1 Nxe2+ 43. Qxe2 Nf4 44. Bxf4 (44. Qc2 Qh6 $11) 44... Bxf4) 42. Qd1 $19 Ne6 (42... Rxd1 $19 43. Rfxd1 Nxg2) 43. Qc2 $11 Nef4 (43... Nhf4 $5 44. Bb1 Nxe2+ 45. Qxe2 Nf4 46. Bxf4 (46. Qc2 Qh6 $11) 46... Bxf4 $11) 44. Nxf4 Nxf4 45. Bb1 $1 Nh5 $2 {[%emt 0:03:54][%mdl 8192] Active counter play!} (45... Qg7 $11) 46. Ba2 $2 (46. Qxh7+ $18 Kf8 47. Bxg5) 46... Nf4 (46... g4 {keeps more tension.} 47. hxg4 Bxg4 48. Bb1 Qg7) 47. Bb1 $1 Qh6 {With the idea ...g4.} 48. Bxf4 (48. Re1 {simplifies} Nxg2 49. Qxh7+ Qxh7 50. Bxh7+ Kxh7 51. Kxg2 Kg6 52. Bxg5 Rh8 53. Bh4) 48... Bxf4 49. Qe4 Bc7 (49... Bd7 $15) 50. Qc2 $2 (50. Qe7 $14 Rd7 51. Qxg5+ (51. Qe8+ Kg7 $14) 51... Qxg5 52. Nxg5) 50... Bf4 $2 (50... g4 $19 51. Nh2 gxh3) 51. Qe4 Bc7 (51... Bd7 $11) 52. Qc2 $2 (52. Qe7 $14 Rd7 53. Qxg5+ (53. Qe8+ Kg7 $14) 53... Qxg5 54. Nxg5) 52... Bf4 (52... g4 $19 53. Nh2 gxh3) 53. Qe4 $15 Bc7 (53... Bd7 $15 54. g3 Bxh3) 54. Qc2 $2 (54. Qe7 $14 {stays ahead.} Rd7 55. Qe3 (55. Qxg5+ Qxg5 56. Nxg5 Rd2 $14) (55. Qe8+ Kg7 $14)) 54... Bf4 $2 ({Black should play} 54... g4 $19 55. Nh2 gxh3) 55. Qe4 g4 56. hxg4 (56. Nh4 $1 $11) 56... Bxg4 $17 57. g3 Re8 58. Ne5 Rxe5 $40 {[%emt 0:00:00][%mdl 128] Black has strong attack. Dancing on a razor blade.} ({But not} 58... Bxe5 $6 59. Qxg4+ Qg7 60. Qxg7+ Bxg7 61. Ra2 $11) 59. Qxf4 Qxf4 60. gxf4 Re2 61. b4 (61. f3 $142) 61... Rd8 62. Kg2 Rdd2 63. Kg3 {[#]} Be6 $1 64. Kg2 (64. c5 $17) 64... Bg4 $2 (64... Bxc4 $2 {perishes.} 65. Kg3 $19) (64... Kg7 $19 65. Kg3 Bxc4) 65. Kg3 Be6 $2 (65... Bd7 $17 66. Rh1 f5) 66. Kg2 $1 $19 Bg4 (66... Bxc4 $2 {too greedy.} 67. Kg3 $19) (66... Kg7 $19 67. Kg3 Bxc4) 67. Kg3 $17 Be6 (67... Bd7 $17 68. f5 Kg7) 68. Kg2 $1 $19 Bg4 (68... Kg7 $19 {has better winning chances.} 69. Kg3 Bxc4) 69. Kg3 $17 Be6 (69... Bc8 $17 70. f5 Kg7) 70. Kg2 $1 $19 Bg4 (70... Kg7 $19 {and Black stays clearly on top.} 71. Kg3 Bxc4) 71. Kg3 $17 Be6 (71... Bd7 $17 72. f5 Kg7) 72. c5 {[%emt 0:05:30] Black keeps a firm grip on the game.} (72. Kg2 $1 $11 {was the only way to keep the balance.}) 72... f5 73. Kh4 $2 (73. a4 $17) 73... Rxf2 74. Rxf2 Rxf2 $19 {[%emt 0:00:00][%mdl 4096] Endgame KRB-KRB} 75. Kg5 $2 (75. Bd3) 75... Rd2 $2 (75... Kf7 $19 76. Bxf5 Rg2+ 77. Kh4 Bxf5) 76. Kh4 $2 (76. Kf6 $11) 76... Rf2 77. Kg5 Rd2 $2 (77... Kg7 $19 78. Bd3 Rh2 79. Bxf5 Rg2+ 80. Kh4 Bxf5) 78. Kh4 $2 (78. Kf6 $11) 78... Rf2 79. Kg5 Rf1 80. Kh4 Rf2 81. Kg5 Rf1 $2 (81... Kg7 $19 82. Ba2 Rg2+ 83. Kh4 Rh2+ 84. Kg3 Rxa2) 82. Bxf5 $2 (82. Kh4 $11 Kg7 83. a4) 82... Rxa1 {Black is clearly winning.} 83. Bxe6+ $11 {[%emt 0:00:00] KR-KB} Kg7 84. Bc8 b6 85. Bb7 bxc5 86. bxc5 Rxa3 87. f5 h6+ {[%emt 0:00:00] Weighted Error Value: White=0.45/Black=0.88} 0-1